 Dungeon Crawl Stone Soup version 0.22-a0-305-gd21a89c (webtiles) character file.

1385 SpeedyPerson7 the Chopper (level 8, -7/73 HPs)
             Began as a Deep Dwarf Fighter on Mar 31, 2018.
             Was an Initiate of Makhleb.
             Mangled by Rhok's ghost (27 damage)
             ... on level 8 of the Dungeon.
             The game lasted 00:03:37 (3011 turns).

SpeedyPerson7 the Chopper (Deep Dwarf Fighter)      Turns: 3011, Time: 00:03:38

Health: -7/73      AC: 10    Str: 21    XL:     8   Next: 40%
Magic:  4/4        EV:  5    Int: 10    God:    Makhleb [......]
Gold:   210        SH: 10    Dex: 12    Spells: 7/7 levels left

rFire    . . .     SeeInvis .   a - +0 war axe
rCold    . . .     Gourm    .   c - +0 shield
rNeg     . . .     Faith    .   o - +0 chain mail
rPois    .         Spirit   .   (no helmet)
rElec    .         Reflect  .   (no cloak)
rCorr    .         Harm     .   m - +0 pair of gloves
MR       +....                  (no boots)
Stlth    ..........             (no amulet)
HPRegen  0.00/turn              (no ring)
MPRegen  0.09/turn              (no ring)

@: non-regenerating, heavily drained
A: damage resistance, heal wounds, sense surroundings 1, no regeneration
a: Heal Wounds, Renounce Religion


You were on level 8 of the Dungeon.
You worshipped Makhleb.
Makhleb was noncommittal.
You were not hungry.

You visited 2 branches of the dungeon, and saw 9 of its levels.

You collected 210 gold pieces.

Inventory:

Hand Weapons
 a - a +0 war axe (weapon)
Armour
 b - a +0 scale mail
 c - a +0 shield (worn)
 m - a +0 pair of gloves (worn)
 o - a +0 chain mail (worn)
Wands
 n - a wand of iceblast (10)
 t - a wand of disintegration (16)
 u - a wand of flame (42)
Scrolls
 h - 2 scrolls of teleportation {unknown}
 i - 5 scrolls of identify
 j - a scroll of magic mapping
 k - 2 scrolls of enchant weapon {unknown}
 r - 3 scrolls of remove curse
 s - a scroll of fog {unknown}
 v - a scroll of acquirement {unknown}
Potions
 d - a potion of might
 g - a potion of degeneration {unknown}
 l - 2 potions of ambrosia {unknown}
 p - a potion of brilliance {unknown}
 q - 2 potions of curing {unknown}
Comestibles
 e - 5 rations


   Skills:
 + Level 4.9(3.4) Fighting
 * Level 7.5(5.8) Axes
 + Level 6.0(4.5) Armour
 + Level 6.0(4.4) Shields


You had 7 spell levels left.
You didn't know any spells.

Dungeon Overview and Level Annotations

Branches:
Dungeon (8/15)             Temple (1/1) D:7
   Lair: D:8-11

Altars:
Ashenzari
Cheibriados
Dithmenos
Elyvilon
Fedhas
Gozag
Hepliaklqana
Kikubaaqudgha
Makhleb
Okawaru
Qazlal
Ru
Trog
Uskayaw
Vehumet
Wu Jian
Xom
Yredelemnul
Zin
The Shining One

Shops:
D:5 [

Annotations:
D:8 Rhok's ghost, novice DrBe


Innate Abilities, Weirdness & Mutations

You are resistant to damage.
You can heal yourself by infusing magical energy.
You passively map a small area around you.
You do not regenerate.


Message History

Rhok's ghost hits you but does no damage.
You barely miss Rhok's ghost.
Rhok's ghost is lightly damaged.
Rhok's ghost screams, "You must not succeed where I failed!"
You block Rhok's ghost's attack. Rhok's ghost hits you!!
You are too injured to fight recklessly!
You are too injured to fight recklessly!
You are too injured to fight recklessly!
You are too injured to fight recklessly!
You are too injured to fight recklessly!
You are too injured to fight recklessly!
You are too injured to fight recklessly!
You are too injured to fight recklessly!
You are too injured to fight recklessly!
You are too injured to fight recklessly!
You are too injured to fight recklessly!
You feel much better. Rhok's ghost hits you!!
* * * LOW HITPOINT WARNING * * *
You fail to use your ability.
Rhok's ghost hits you!!
You die...

** , * * ..
###.....#####.. ,
..##..............
,
,..................
,
#...#.............
#.#.............. ,
, #................
, #................
, #....<..@W......
#...............
##..............
#.............. , ,
#..............
#..............
#...............
...............# ,
, *


You could see Rhok's ghost.

Vanquished Creatures
  A black bear (D:7)
  A necrophage (D:7)
  2 ice beasts (D:6)
  2 ogres
  Blork the orc (D:4)
  2 crimson imps (D:5)
  3 jellies
  3 orc priests (D:6)
  2 hounds
  2 orc wizards
  2 bullfrog skeletons
  3 iguanas
  3 worker ants
  A hound skeleton (D:4)
  A howler monkey zombie (D:6)
  6 adders
  A river rat (D:7)
  A shadow imp (D:5)
  2 oozes
  A worm (D:5)
  A dart slug (D:3)
  2 leopard geckos
  24 orcs
  6 giant cockroaches
  6 goblins
  2 hobgoblins
  10 jackals
  2 kobolds
  2 quokkas
  A bat (D:2)
  3 frilled lizards
  A leopard gecko skeleton (D:7)
  2 leopard gecko zombies
  6 rats
108 creatures vanquished.

Notes
Turn   | Place    | Note
-------+----------+-------------------------------------------
     0 | D:1      | SpeedyPerson7 the Deep Dwarf Fighter began the quest for the Orb.
     0 | D:1      | Reached XP level 1. HP: 20/20 MP: 1/1
   235 | D:2      | Reached XP level 2. HP: 24/27 MP: 2/2
   335 | D:3      | Found an opulent altar of Gozag.
   393 | D:3      | Reached skill level 3 in Axes
   395 | D:3      | Reached XP level 3. HP: 22/33 MP: 3/3
   656 | D:4      | Reached XP level 4. HP: 38/42 MP: 4/4
   830 | D:4      | Reached skill level 4 in Axes
   864 | D:4      | Reached XP level 5. HP: 37/49 MP: 5/5
   952 | D:4      | Noticed Blork the orc
   955 | D:4      | Noticed an ogre
   969 | D:4      | Killed an ogre
   971 | D:4      | Reached XP level 6. HP: 30/56 MP: 6/6
   973 | D:4      | Killed Blork the orc
   977 | D:4      | Reached skill level 5 in Axes
  1172 | D:4      | Found a shadowy altar of Dithmenos.
  1314 | D:5      | Entered Level 5 of the Dungeon
  1317 | D:5      | Found Egucsiar's Armour Boutique.
  1458 | D:5      | Found an ornate altar of the Wu Jian Council.
  1511 | D:5      | Reached XP level 7. HP: 55/64 MP: 7/7
  1705 | D:6      | Reached skill level 5 in Armour
  1740 | D:6      | Reached skill level 5 in Shields
  1758 | D:6      | Reached skill level 6 in Axes
  1972 | D:6      | Found a bloodstained altar of Trog.
  2309 | D:7      | Reached XP level 8. HP: 43/73 MP: 5/5
  2407 | D:7      | Found a staircase to the Ecumenical Temple.
  2419 | D:7      | Reached skill level 7 in Axes
  2441 | Temple   | Entered the Ecumenical Temple
  2727 | D:7      | Found a burning altar of Makhleb.
  2782 | D:7      | Became a worshipper of Makhleb the Destroyer
  2986 | D:8      | Noticed Rhok's ghost (novice DrBe)
  3011 | D:8      | Mangled by Rhok's ghost

Vault maps used:
D:1:      lemuel_arrival_broad_hall, roderic_serpentine_path,
          nemelex_xobeh_ov_fountains_minmay
D:2:      tgw_trog, minmay_split_cup_small
D:3:      lemuel_crystal_altar, lemuel_blue_sif_altar, first_ration
D:4:      nicolae_dithmenos_the_darkroom, uniq_blork_the_orc
D:5:      kennysheep_mini, serial_shops, shop_fountains
D:6:      basic_altar
D:7:      lemuel_ratsnest, kennysheep_mini_moat, minmay_temple_entry_mist
Temple:   regret_index_temple_generic_petals

Skill      XL: |  1  2  3  4  5  6  7  8 |
---------------+-------------------------+-----
Axes           | 3 4 5 6 7 |  7.5
Fighting       | 3 4 |  4.9
Shields        | 4 5 6 |  6.0
Armour         | 4 5 6 |  6.0

Action                   |  1- 3 |  4- 6 |  7- 9 || total
-------------------------+-------+-------+-------++-------
Melee: War axe           |    97 |   125 |   229 ||   451
 Abil: Heal Wounds       |     1 |     5 |    14 ||    20
  Use: Scroll            |       |     3 |       ||     3
  Eat: Chunk             |       |     2 |     6 ||     8
Armor: Scale mail        |    37 |       |       ||    37
       Chain mail        |     5 |    92 |   135 ||   232
Dodge: Dodged            |    33 |    46 |    51 ||   130
Block: Shield            |    45 |    86 |   129 ||   260

Table legend:
 A = Spawn XP
 B = Non-spawn XP
 C = Spawn XP percentage of total XP
 D = Spawn monster count
 E = Non-spawn monster count
 F = Spawn count percentage of total count
 G = Total turns spent on level
                    A         B        C        D         E        F      G
               +---------+---------+-------+---------+---------+-------+---------
         Total |       0 |    1979 |   0.0 |       0 |     108 |   0.0 |  3011
               +---------+---------+-------+---------+---------+-------+---------
           D:1 |       0 |      10 |   0.0 |       0 |       7 |   0.0 |   213
           D:2 |       0 |      17 |   0.0 |       0 |       4 |   0.0 |   121
           D:3 |       0 |      29 |   0.0 |       0 |      15 |   0.0 |   250
           D:4 |       0 |     448 |   0.0 |       0 |      28 |   0.0 |   730
           D:5 |       0 |     277 |   0.0 |       0 |      11 |   0.0 |   378
           D:6 |       0 |     635 |   0.0 |       0 |      24 |   0.0 |   602
           D:7 |       0 |     563 |   0.0 |       0 |      19 |   0.0 |   442
               +---------+---------+-------+---------+---------+-------+---------
